 Dungeon Crawl Stone Soup version 0.22-a0-433-gd2a9cce (webtiles) character file.

124 Kairos the Chopper (level 5, 46/46 HPs)
             Began as a Hill Orc Fighter on May 25, 2018.
             Quit the game on level 3 of the Dungeon on May 28, 2018.
             The game lasted 00:03:23 (2190 turns).

Kairos the Chopper (Hill Orc Fighter)               Turns: 2190, Time: 00:03:24

Health: 46/46      AC:  9    Str: 20    XL:     5   Next: 8%
Magic:  5/5        EV:  5    Int:  8    God:
Gold:   179        SH:  9    Dex: 10    Spells: 4/4 levels left

rFire    . . .     SeeInvis .   a - +0 war axe
rCold    . . .     Gourm    .   c - +0 shield
rNeg     . . .     Faith    .   o - +0 chain mail
rPois    .         Spirit   .   (no helmet)
rElec    .         Reflect  .   (no cloak)
rCorr    .         Harm     .   (no gloves)
MR       .....                  (no boots)
Stlth    ..........             q - amulet of the acrobat
HPRegen  0.15/turn              (no ring)
MPRegen  0.09/turn              (no ring)

@: no status effects
A: no striking features
a: no special abilities


You were on level 3 of the Dungeon.
You were hungry.

You visited 1 branch of the dungeon, and saw 3 of its levels.

You collected 179 gold pieces.

Inventory:

Hand Weapons
 a - a +0 war axe (weapon)
Armour
 b - a +0 scale mail
 c - a +0 shield (worn)
 o - a +0 chain mail (worn)
Jewellery
 q - an amulet of the acrobat (around neck)
Wands
 p - a wand of scattershot (4)
Scrolls
 g - 2 scrolls of amnesia {unknown}
 i - 2 scrolls of identify {unknown}
 j - 2 scrolls of enchant weapon {unknown}
 l - 2 scrolls of teleportation {unknown}
 m - a scroll of fog {unknown}
 n - 3 scrolls of remove curse {unknown}
 s - a scroll of fear {unknown}
Potions
 d - a potion of might
 e - 2 potions of heal wounds {unknown}
 h - 3 potions of curing {unknown}
 k - 2 potions of lignification {unknown}
 r - a potion of agility {unknown}
 t - a potion of flight {unknown}
Comestibles
 f - 6 rations


   Skills:
 + Level 4.2 Fighting
 + Level 5.0 Axes
 + Level 4.0 Armour
 + Level 0.4 Dodging
 + Level 3.8 Shields


You had 4 spell levels left.
You didn't know any spells.
Your spell library was empty.

Dungeon Overview and Level Annotations

Branches:
Dungeon (3/15)

Altars:
Dithmenos
Ru
Trog
Wu Jian


Message History

No target in view!
No target in view!
No target in view!
No target in view!
No target in view!
No target in view!
No target in view!
No target in view!
No target in view!
No target in view!
No target in view!
No target in view!
No target in view!
You see here a dagger.
Found a stone staircase leading up.
You are feeling hungry.
An orc comes into view. It is wielding a falchion.
The orc shouts!
An orc is nearby!
Are you sure you want to abandon this character and quit the game? (Confirm with "yes".)

#.##### #.#
#.#########
##.##.... ..
#...#..# .#
###...#..# .#
#........###o#
#..........#.#.##..
#........#.@.......
###...#..###.#.####
#...#..# .#
#####... .. #####
###


You could see an orc.

Vanquished Creatures
  An iguana (D:3)
  4 adders
  An ooze (D:3)
  A dart slug (D:2)
  An orc (D:3)
  4 giant cockroaches
  8 goblins
  9 hobgoblins
  10 kobolds
  6 bats
  3 frilled lizards
  8 rats
56 creatures vanquished.

Notes
Turn   | Place    | Note
-------+----------+-------------------------------------------
     0 | D:1      | Kairos the Hill Orc Fighter began the quest for the Orb.
     0 | D:1      | Reached XP level 1. HP: 19/19 MP: 1/1
    54 | D:1      | Reached XP level 2. HP: 25/27 MP: 2/2
   215 | D:1      | Reached skill level 3 in Axes
   496 | D:1      | Reached XP level 3. HP: 32/33 MP: 3/3
   625 | D:1      | Found an ornate altar of the Wu Jian Council.
   914 | D:2      | Found a bloodstained altar of Trog.
  1230 | D:2      | Reached XP level 4. HP: 38/40 MP: 4/4
  1279 | D:2      | Reached skill level 4 in Axes
  1779 | D:3      | Found a shadowy altar of Dithmenos.
  1910 | D:3      | Found a sacrificial altar of Ru.
  1976 | D:3      | Reached XP level 5. HP: 46/46 MP: 5/5
  2120 | D:3      | Reached skill level 5 in Axes
  2190 | D:3      | Quit the game

Vault maps used:
D:1:      dpeg_arrival_water_altar
D:2:      lemuel_coloured_pillars_altar, serial_park_tiny_pond,
          roderic_lattice_a
D:3:      nicolae_ru_path_of_blood, old_standard_altar, kennysheep_orc_chapel

Skill      XL: |  1  2  3  4  5 |
---------------+----------------+-----
Axes           | 3 4 5 |  5.0
Fighting       | 4 |  4.2
Armour         | 4 |  4.0
Dodging        | |  0.4
Shields        | |  3.8

Action                   |  1- 3 |  4- 6 || total
-------------------------+-------+-------++-------
Melee: War axe           |   128 |    70 ||   198
  Eat: Chunk             |     1 |     3 ||     4
Armor: Scale mail        |    40 |       ||    40
       Chain mail        |    49 |    30 ||    79
Dodge: Dodged            |    48 |    21 ||    69
Block: Shield            |    94 |    24 ||   118

Table legend:
 A = Spawn XP
 B = Non-spawn XP
 C = Spawn XP percentage of total XP
 D = Spawn monster count
 E = Non-spawn monster count
 F = Spawn count percentage of total count
 G = Total turns spent on level
                    A         B        C        D         E        F      G
               +---------+---------+-------+---------+---------+-------+---------
         Total |       0 |     178 |   0.0 |       0 |      56 |   0.0 |  2190
               +---------+---------+-------+---------+---------+-------+---------
           D:1 |       0 |      35 |   0.0 |       0 |      22 |   0.0 |   689
           D:2 |       0 |      68 |   0.0 |       0 |      19 |   0.0 |   750
           D:3 |       0 |      75 |   0.0 |       0 |      15 |   0.0 |   751
               +---------+---------+-------+---------+---------+-------+---------
